AoeStats
← Babifort

Arena

510717001Analyzed
1v1 RM · 17h ago on Oct 2, 2026· 37m 42s· 2 players
Game mode
Random Map
Map size
Tiny (2 player)
Population
200
Speed
Normal
Resources
Standard
Victory
Conquest
Starting age
Dark Age
Ending age
Imperial Age
RankedLock teamsTeams togetherTeam positionsShared explorationLock speedFull tech treeHidden civsTurbo modeCheats
Victory
Defeat
🇫🇷 Bohemians · France
1537
+13
🇺🇸 Saxons · United States
1461
-13
License to Boom
10:11 Feudal Age
11:51 Loom
14:08 Castle Age
12:09 Double-Bit Axe
15:25 Horse Collar
19:26 Bow Saw
20:39 Redemption
20:42 Gold Mining
22:13 Sanctity
24:40 Clerical Recruitment
24:51 Elite Skirmisher
28:32 Forging
30:18 Heavy Plow
34:54 Imperial Age
33:01 Wheelbarrow
34:49 Gold Shaft Mining
34:59 Fletching
35:09 Padded Archer Armor
35:56 Block Printing
36:08 Illumination
36:24 Theocracy
35:51 Bodkin Arrow
Babifort
9:56 Feudal Age
14:24 Castle Age
12:58 Double-Bit Axe
13:26 Horse Collar
13:35 Loom
15:27 Bow Saw
18:21 Chemistry
18:40 Padded Archer Armor
26:09 Wheelbarrow
30:32 Imperial Age
30:46 Leather Archer Armor
30:42 Forging
30:23 Fletching
31:05 Hand Cart
32:44 Ring Archer Armor
37:49 Scale Barding Armor
37:55 Forging
Connection lost

Rejoining the realm…

Still unreachable

The connection could not be restored.

Session expired

The server has moved on; the page needs a fresh start.